 Dungeon Crawl Stone Soup version 0.21.1-1-g345015f (webtiles) character file.

46 inc the Chiller (level 3, -1/14 HPs)
             Began as a Felid Ice Elementalist on Feb 22, 2018.
             Slain by Grinder (10 damage)
             ... on level 3 of the Dungeon.
             The game lasted 00:03:08 (2155 turns).

inc the Chiller (Felid Ice Elementalist)            Turns: 2155, Time: 00:03:09

Health: -1/14      AC:  1    Str:  4    XL:     3   Next: 44%
Magic:  4/7        EV: 18    Int: 17    God:
Gold:   136        SH:  0    Dex: 16    Spells: 2/6 levels left
                                        Lives:  0   Deaths: 0

rFire    . . .     SeeInvis +   (weapon unavailable)
rCold    . . .     Gourm    .   (shield unavailable)
rNeg     . . .     Faith    .   (armour unavailable)
rPois    .         Spirit   .   (helmet unavailable)
rElec    .         Reflect  .   (cloak unavailable)
rCorr    .         Harm     .   (gloves unavailable)
MR       .....                  (boots unavailable)
Stlth    +++.......             (no amulet)
HPRegen  0.04/turn              (no ring)
MPRegen  0.10/turn              (no ring)

@: quick
A: very small, no armour, no weapons or thrown items, stealth, claws 1, fangs 3,
see invisible, carnivore, speed 1, shaggy fur 1, slow metabolism 1, sharp paws
a: no special abilities


You were on level 3 of the Dungeon.
You were very full.

You visited 1 branch of the dungeon, and saw 3 of its levels.

You collected 136 gold pieces.

Inventory:

Scrolls
 c - 2 scrolls of immolation {unknown}
 d - 2 scrolls of remove curse {unknown}
 e - 2 scrolls of magic mapping {unknown}
 f - 7 scrolls of identify {unknown}
 h - a scroll of noise {unknown}
 j - a scroll of fear {unknown}
Potions
 g - 2 potions of degeneration {unknown}
 i - a potion of brilliance {unknown}
Books
 a - a book of Frost

   Spells                             Type                      Level
   a - Freeze                         Ice                          1
   b - Throw Frost                    Conjuration/Ice              2
   c - Ozocubu's Armour               Charms/Ice                   3
   d - Throw Icicle                   Conjuration/Ice              4
   e - Summon Ice Beast               Ice/Summoning                4
Comestibles
 b - 3 rations


   Skills:
 - Level 2.9 Dodging
 - Level 2.6 Stealth
 - Level 2.0 Spellcasting
   Level 0.8 Conjurations
 * Level 0.9 Charms
 + Level 3.9 Ice Magic


You had 2 spell levels left.
You knew the following spells:

 Your Spells              Type           Power        Failure   Level  Hunger
a - Freeze                Ice            ###.         3%          1    #......
b - Ozocubu's Armour      Chrm/Ice       ##......     22%         3    ###....


Dungeon Overview and Level Annotations

Branches:
Dungeon (3/15)

Altars:

Annotations:
D:3 Grinder


Innate Abilities, Weirdness & Mutations

You cannot wear armour.
You are incapable of wielding weapons or throwing items.
Your paws allow you to move quietly. (Stealth)
You have sharp claws.
You have razor-sharp teeth.
You have supernaturally acute eyesight. (SInv)
You are carnivorous and can eat meat at any time.
You cover ground quickly.
You are covered in fur. (AC +1)
You have a slow metabolism.
Your sharp claws are effective at attacking unaware monsters.


Message History

Grinder closely misses you.
Casting: Freeze
Confirm with . or Enter, or press ? or * to list all spells.
Aiming: Freeze
Press: ? - help, Shift-Dir - straight line, f/p - Grinder
Aim: Grinder (lightly wounded)
You freeze Grinder.
Grinder resists.
Grinder is lightly wounded.
Grinder misses you.
Casting: Freeze
Confirm with . or Enter, or press ? or * to list all spells.
Aiming: Freeze
Press: ? - help, Shift-Dir - straight line, f/p - Grinder
Aim: Grinder (lightly wounded)
You freeze Grinder.
Grinder completely resists.
Grinder is lightly wounded.
Grinder hits you. Grinder hits you!
Ouch! That really hurt!
You die...

#### ... ######## ..###
#......# ###....
#......######....#
..............#.#
#.............#.########
.......##.###..?5......#
....#####.######@#####.#
...........# #.#
....#####... ...
#.#.†........ #....
#.####........#..... ...
.... ....... .... ...
......#. ..... ..
.......#.. ...##. .


You could see Grinder.

Vanquished Creatures
  An ooze (D:1)
  2 dart slugs (D:1)
  An orc (D:3)
  3 giant cockroaches (D:1)
  8 goblins (D:1)
  2 hobgoblins (D:2)
  3 jackals (D:1)
  2 quokkas (D:3)
  A bat (D:2)
  3 frilled lizards
  3 kobolds
  5 rats (D:1)
34 creatures vanquished.

Notes
Turn   | Place    | Note
-------+----------+-------------------------------------------
     0 | D:1      | inc the Felid Ice Elementalist began the quest for the Orb.
     0 | D:1      | Reached XP level 1. HP: 7/7 MP: 4/4
   273 | D:1      | Reached skill level 3 in Ice Magic
   606 | D:1      | Reached XP level 2. HP: 5/11 MP: 4/6
  1240 | D:1      | Reached XP level 3. HP: 3/14 MP: 4/7
  1673 | D:2      | Found a faded altar of an unknown god.
  1738 | D:2      | Learned a level 3 spell: Ozocubu's Armour
  2144 | D:3      | Noticed Grinder
  2155 | D:3      | Slain by Grinder

Skill      XL: |  1 |
---------------+----+-----
Ice Magic      | 3 |  3.9
Dodging        | |  2.9
Stealth        | |  2.6
Spellcasting   | |  2.0
Conjurations   | |  0.8
Charms         | |  0.9

Action                   || total
-------------------------++-------
Melee: Unarmed           ||    14
 Cast: Freeze            ||    46
 Stab: Sleeping          ||     7
  Eat: Chunk             ||     9
Dodge: Dodged            ||    33
